 Dungeon Crawl Stone Soup version 0.21-a0-509-gecc5317 (webtiles) character file.

243 KristoblXynda the Slasher (level 5, 0/41 HPs)
             Began as a Draconian Gladiator on Nov 29, 2017.
             Was an Initiate of Yredelemnul.
             Slain by a bullfrog (5 damage)
             ... on level 6 of the Dungeon.
             The game lasted 00:04:03 (3346 turns).

KristoblXynda the Slasher (Draconian Gladiator)     Turns: 3346, Time: 00:04:04

Health: 0/41       AC:  5    Str: 18    XL:     5   Next: 82%
Magic:  5/5        EV: 13    Int:  8    God:    Yredelemnul [......]
Gold:   192        SH:  0    Dex: 12    Spells: 4/4 levels left

rFire    . . .     SeeInvis .   a - +0 long sword
rCold    . . .     Gourm    .   (no shield)
rNeg     . . .     Faith    .   (armour unavailable)
rPois    .         Spirit   .   b - +0 hat
rElec    .         Reflect  .   (no cloak)
rCorr    .         Harm     .   (no gloves)
MR       .....                  (no boots)
Stlth    +.........             (no amulet)
HPRegen  0.13/turn              (no ring)
MPRegen  0.09/turn              (no ring)

@: no status effects
A: unfitting armour, cold-blooded, AC +5
a: Renounce Religion


You were on level 6 of the Dungeon.
You worshipped Yredelemnul.
Yredelemnul was noncommittal.
You were hungry.

You visited 1 branch of the dungeon, and saw 5 of its levels.

You collected 192 gold pieces.

Inventory:

Hand Weapons
 a - a +0 long sword (weapon)
Armour
 b - a +0 hat (worn)
Jewellery
 j - an uncursed amulet of faith {unknown}
Scrolls
 f - a scroll of identify {unknown}
 h - a scroll of amnesia
 l - a scroll of remove curse
 n - a scroll of magic mapping
 p - a scroll of enchant weapon {unknown}
 q - a scroll of fear {unknown}
 v - a scroll of teleportation {unknown}
Potions
 e - 3 potions of haste {unknown}
 g - 4 potions of curing {unknown}
 i - a potion of berserk rage {unknown}
 k - a potion of brilliance {unknown}
 m - a potion of agility {unknown}
 o - a potion of lignification {unknown}
 u - a potion of resistance {unknown}
Comestibles
 d - a bread ration
 s - a fruit
 t - 2 meat rations
 w - 2 royal jellies


   Skills:
 - Level 2.1 Fighting
 * Level 5.1 Long Blades
 + Level 3.1 Throwing
 + Level 3.8 Dodging


You had 4 spell levels left.
You didn't know any spells.

Dungeon Overview and Level Annotations

Branches:
Dungeon (4/15)             Temple (0/1) D:6

Altars:
Gozag
Makhleb
Okawaru
Trog
Xom
Yredelemnul
Zin


Innate Abilities, Weirdness & Mutations

Your plain brown scales are hard. (AC +5)
You cannot fit into any form of body armour.
You are cold-blooded and may be slowed by cold attacks.


Message History

The throwing net closely misses the bullfrog.
The bullfrog closely misses you.
You riposte.
You hit the bullfrog but do no damage.
Your tail-slap misses the bullfrog.
The bullfrog is moderately wounded.
Throwing (i - inventory):
c - 2 throwing nets (quivered)
Press: ? - help, Shift-Dir - straight line, f/p - bullfrog
Aim: a bullfrog (moderately wounded)
You throw a throwing net.
The throwing net closely misses the bullfrog.
The bullfrog closely misses you.
You riposte.
You closely miss the bullfrog.
The bullfrog is moderately wounded.
Throwing (i - inventory):
c - a throwing net (quivered)
Press: ? - help, Shift-Dir - straight line, f/p - bullfrog
Aim: a bullfrog (moderately wounded)
You throw a throwing net.
The throwing net closely misses the bullfrog.
You are feeling hungry.
The bullfrog hits you.
You die...
Your body rises from the dead as a mindless zombie.

***#._..#******#....##.#
#...##,,,,...(#.###.#
#####*****##..#.# #.#
#..#.###.# #..#...#.#
#..###.#.# ####..# #.#.#
#....F# #.#.#
*,**#@###.#># *,*
#.(.....# *,* #####.###
*,* #.# ******* *,* #%#
,,,,,,* *,* #.#
,,*,*,******,* #.#
*,*,,,,,,,,,,* #<#
*,***,******** #.#


You could see a bullfrog.

Vanquished Creatures
  A centaur (D:6)
  A worker ant (D:6)
  An orc wizard (D:3)
  4 gnolls (D:2)
  3 adders
  2 dart slugs (D:1)
  2 leopard geckos (D:3)
  3 orcs (D:3)
  A giant cockroach (D:2)
  4 goblins
  4 hobgoblins
  2 jackals (D:6)
  5 kobolds
  6 bats
  4 frilled lizards
  A rat (D:1)
  A spectral orc (D:3)
45 creatures vanquished.

Notes
Turn   | Place    | Note
-------+----------+-------------------------------------------
     0 | D:1      | KristoblXynda the Draconian Gladiator began the quest for the Orb.
     0 | D:1      | Reached XP level 1. HP: 17/17 MP: 1/1
   370 | D:1      | Reached XP level 2. HP: 24/24 MP: 2/2
   962 | D:2      | Reached XP level 3. HP: 22/29 MP: 3/3
  1215 | D:2      | Reached skill level 4 in Long Blades
  1323 | D:2      | Reached XP level 4. HP: 35/36 MP: 4/4
  2235 | D:3      | Found a shimmering altar of Xom.
  2235 | D:3      | Found a shimmering altar of Xom.
  2237 | D:3      | Found a shimmering altar of Xom.
  2237 | D:3      | Found a shimmering altar of Xom.
  2237 | D:3      | Found a shimmering altar of Xom.
  2243 | D:3      | Found a shimmering altar of Xom.
  2243 | D:3      | Found a shimmering altar of Xom.
  2244 | D:3      | Found a shimmering altar of Xom.
  2248 | D:3      | Found a shimmering altar of Xom.
  2353 | D:3      | Found a bloodstained altar of Trog.
  2358 | D:3      | Found an iron altar of Okawaru.
  2419 | D:3      | Found a basalt altar of Yredelemnul.
  2428 | D:3      | Became a worshipper of Yredelemnul the Dark
  2592 | D:3      | Found an opulent altar of Gozag.
  2685 | D:3      | Found a burning altar of Makhleb.
  2764 | D:4      | Noticed a phantom
  2781 | D:3      | Reached XP level 5. HP: 31/41 MP: 5/5
  2811 | D:3      | You fall through a shaft for 3 floors!
  2811 | D:6      | Found a glowing silver altar of Zin.
  2811 | D:6      | Found an opulent altar of Gozag.
  3103 | D:6      | Noticed a centaur
  3115 | D:6      | Killed a centaur
  3115 | D:6      | Reached skill level 5 in Long Blades
  3346 | D:6      | Slain by a bullfrog

Vault maps used:
D:1:      minmay_arrival_nine_rooms, minmay_tetromino_s4
D:3:      grunt_temple_overflow_open, xom_redecorated,
          lemuel_coloured_pillars_altar, yredelemnul_forgotten_temple_becter,
          grunt_gozag_breadcrumbs
D:4:      nicolae_tso_carved_into_rock, first_bread, uniq_ijyb, uniq_edmund,
          uniq_natasha
D:6:      grunt_temple_overflow_gold_and_silver,
          minmay_temple_entry_enclosed_plants

Skill      XL: |  1  2  3  4  5 |
---------------+----------------+-----
Throwing       | 2 3 |  3.1
Dodging        | 3 |  3.8
Long Blades    | 4 5 |  5.1
Fighting       | |  2.1

Action                   |  1- 3 |  4- 6 || total
-------------------------+-------+-------++-------
Melee: Long sword        |    51 |    87 ||   138
       Tailslap          |     6 |     7 ||    13
Throw: Throwing net      |       |     3 ||     3
  Use: Scroll            |       |     3 ||     3
 Stab: Sleeping          |       |     2 ||     2
  Eat: Chunk             |     1 |     1 ||     2
       Bread ration      |       |     1 ||     1
       Fruit             |       |     1 ||     1
Armor: Skin              |     6 |    31 ||    37
Dodge: Dodged            |    38 |    78 ||   116
       Rpst.: Long sword |    12 |    26 ||    38

Table legend:
 A = Spawn XP
 B = Non-spawn XP
 C = Spawn XP percentage of total XP
 D = Spawn monster count
 E = Non-spawn monster count
 F = Spawn count percentage of total count
 G = Total turns spent on level
                    A         B        C        D         E        F      G
               +---------+---------+-------+---------+---------+-------+---------
         Total |       0 |     348 |   0.0 |       0 |      45 |   0.0 |  3346
               +---------+---------+-------+---------+---------+-------+---------
           D:1 |       0 |      17 |   0.0 |       0 |       8 |   0.0 |   801
           D:2 |       0 |      92 |   0.0 |       0 |      16 |   0.0 |  1413
           D:3 |       0 |      87 |   0.0 |       0 |      17 |   0.0 |   587
           D:6 |       0 |     152 |   0.0 |       0 |       4 |   0.0 |   535
               +---------+---------+-------+---------+---------+-------+---------
